 Dungeon Sprint DCSS version 0.21-a0-225-g207ae17 (webtiles) character file.

81051 Kidiri the Sorcerer (level 14, -6/88 HPs)
             Began as a Deep Elf Fire Elementalist on Aug 29, 2017.
             Was the Champion of Vehumet.
             Blew themself up (58 damage)
             ... with an orb of destruction
             ... in the Dungeon (Sprint III: "The Ten Rune Challenge").
             The game lasted 00:57:01 (7813 turns).

Kidiri the Sorcerer (Deep Elf Fire Elementalist)    Turns: 7813, Time: 00:57:02

Health: -6/88      AC: 12    Str:  7    XL:     14   Next: 85%
Magic:  14/41      EV: 23    Int: 35    God:    Vehumet [******]
Gold:   1385       SH:  7    Dex: 20    Spells: 6/55 levels left

rFire    + . .     SeeInvis +   w - +2 quick blade
rCold    + . .     Gourm    .   k - +0 buckler
rNeg     + . .     Faith    .   e - +0 robe {rC+ rF+}
rPois    .         Spirit   .   j - +0 helmet
rElec    .         Reflect  .   q - +0 cloak
rCorr    .         Harm     .   (no gloves)
MR       +....     NoTele   +   i - +1 pair of boots {Fly}
Stlth    ++........             A - amulet of regeneration
HPRegen  0.64/turn              x - ring "Pobiosem" {Str+2 Int+5 Dex+5 Slay+3}
MPRegen  0.27/turn              C - ring "Arataipp" {rN+ Int+4 SInv}

@: flying
A: icy blue scales 1, yellow scales 1
}: 1/10 runes: serpentine
a: Renounce Religion, Stop Flying


You were in the Dungeon.
You worshipped Vehumet.
Vehumet was exalted by your worship.
You were very full.

You visited 1 branch You collected 3851 gold pieces.
You spent 2466 gold pieces at shops.

Inventory:

Hand Weapons
 w - a +2 quick blade (weapon)
Armour
 e - a +0 robe of resistance (worn)
 i - a +1 pair of boots of flying (worn)
 j - a +0 helmet (worn)
 k - a +0 buckler (worn)
 q - a +0 cloak (worn)
Jewellery
 x - the ring "Pobiosem" (left hand) {Str+2 Int+5 Dex+5 Slay+3}
   (You found it in the Dungeon)

   [ring of intelligence]

   It affects your strength (+2).
   It affects your intelligence (+5).
   It affects your dexterity (+5).
   It affects your accuracy and damage with ranged weapons and melee attacks
   (+3).
 y - the ring "Lokhlonte" {rPois MR+ Slay+5}
   (You found it in the Dungeon)

   [ring of poison resistance]

   It affects your accuracy and damage with ranged weapons and melee attacks
   (+5).
   It protects you from poison.
   It affects your resistance to hostile enchantments.
 A - an amulet of regeneration (around neck)
 C - the ring "Arataipp" (right hand) {rN+ Int+4 SInv}
   (You bought it in a shop in the Dungeon)

   [ring of see invisible]

   It affects your intelligence (+4).
   It protects you from negative energy.
   It lets you see invisible.
Wands
 m - a wand of random effects (39/48)
 B - a wand of iceblast (4/15)
Scrolls
 a - 3 scrolls of amnesia
 b - 2 scrolls of fear
 l - 2 scrolls of holy word
 F - a scroll of silence
 I - a scroll of fog {unknown}
Potions
 d - 2 potions of heal wounds
 f - a potion of haste
 g - a potion of magic
 h - a potion of berserk rage
 o - 3 potions of curing
 s - 2 potions of mutation
 u - 2 potions of might
 z - a potion of lignification {unknown}
Books
 r - a book of the Tempests

   Spells                             Type                      Level
   a - Static Discharge               Conjuration/Air              3
   b - Lightning Bolt                 Conjuration/Air              5
   c - Ignition                       Fire                         8
   d - Tornado                        Air                          9
   e - Shatter                        Earth                        9
 t - a book of Power

   Spells                             Type                      Level
   a - Iskenderun's Battlesphere      Conjuration/Charms           5
   b - Venom Bolt                     Conjuration/Poison           5
   c - Bolt of Magma                  Conjuration/Fire/Earth       5
   d - Iron Shot                      Conjuration/Earth            6
   e - Orb of Destruction             Conjuration                  7
   f - Spellforged Servitor           Conjuration/Summoning        7
 v - the Collected Works on the Torrid Traveller
   (You found it in the Dungeon)

   Spells                             Type                      Level
   a - Flame Tongue                   Conjuration/Fire             1
   b - Conjure Flame                  Conjuration/Fire             3
   c - Inner Flame                    Hexes/Fire                   3
   d - Gell's Gravitas                Translocation                3
   e - Lesser Beckoning               Translocation                3
   f - Bolt of Magma                  Conjuration/Fire/Earth       5
   g - Ring of Flames                 Charms/Fire                  7
Miscellaneous
 G - a box of beasts
Comestibles
 n - 19 royal jellies


   Skills:
 + Level 10.2 Fighting
 - Level 10.2 Short Blades
 + Level 10.3 Armour
 - Level 12.4 Dodging
 - Level 2.4 Stealth
 + Level 10.3 Shields
 * Level 21.2 Spellcasting
 + Level 13.8 Conjurations
 + Level 14.0 Fire Magic
 + Level 11.9 Ice Magic
 + Level 11.9 Air Magic
 + Level 12.8 Poison Magic
 - Level 0.7 Evocations


You had 6 spell levels left.
You knew the following spells:

 Your Spells              Type           Power        Failure   Level  Hunger
a - Flame Tongue          Conj/Fire      #####        0%          1    None
b - Throw Flame           Conj/Fire      ######       0%          2    None
c - Conjure Flame         Conj/Fire      #######.     0%          3    None
d - Inner Flame           Hex/Fire       ######..     1%          3    None
e - Sticky Flame          Conj/Fire      #######.     1%          4    None
f - Fireball              Conj/Fire      #######...   1%          5    None
g - Fire Storm            Conj/Fire      #######...   41%         9    #####..
i - Bolt of Cold          Conj/Ice       #######...   1%          6    None
j - Freezing Cloud        Conj/Ice/Air   #######...   1%          6    None
k - Mephitic Cloud        Conj/Pois/Air  #######.     0%          3    None
l - Orb of Destruction    Conj           #######...   1%          7    None


Dungeon Overview and Level Annotations

Branches:
Dungeon (1/1)

Altars:
Cheibriados
Dithmenos
Elyvilon
Fedhas
Gozag
Hepliaklqana
Kikubaaqudgha
Makhleb
Nemelex Xobeh
Okawaru
Qazlal
Ru
Sif Muna
Trog
Uskayaw
Vehumet
Wu Jian
Xom
Yredelemnul
Zin
The Shining One
Beogh
Jiyva
Lugonu

Shops:
D [?:}}%:!((=[%?[[

Annotations:
D exclusions: 4 doors and 2 more exclusions, Frederick


Innate Abilities, Weirdness & Mutations

You are partially covered in icy blue scales. (AC +2)
You are partially covered in yellow scales. (AC +2)


Message History

Casting: Freezing Cloud
Confirm with . or Enter, or press ? or * to list all spells.
Aiming: Orb of Destruction
Press: ? - help, Shift-Dir - straight line, f/p - Frederick
Aim: Frederick, wielding a trident of freezing and wearing a runed large shield (freezing vapour, moderately wounded) Frederick is engulfed in freezing vapours.
The wavering orb of destruction hits Frederick.
Frederick is severely wounded.
Casting: Orb of Destruction
Confirm with . or Enter, or press ? or * to list all spells.
Aiming: Orb of Destruction
Press: ? - help, Shift-Dir - straight line, f/p - Frederick
Aim: Frederick, wielding a trident of freezing and wearing a runed large shield (freezing vapour, severely wounded) Frederick reflects your orb of destruction with its runed large shield!
Frederick is engulfed in freezing vapours.
Frederick gestures at you while chanting.
The bolt of cold misses you. The orb of destruction hits you!
Ouch! That really hurt!
You die...

....# ....# ....#
############+###########
#...#.#.#[§.....≈.#
##.#...##§≈≈≈≈≈≈§≈#
#..§#†#§§§§§....#
#..#.#§§#§§§§§....#
#.#.#§§§@§§@§§...:# ≈
################+## ≈
#:..#[..#..#......# ≈
#...#...#..#......# ≈
##+###+##..#......#
###.......+..#......#
##.#.#####.####..(...#
###..'.#)..+(#..'......#
..'..#######)(.(#......#


You could see Frederick.

Vanquished Creatures
  Sigmund (D)
  Rupert (D)
  A deep elf master archer (D)
  Gastronok (D)
  Chuck (D)
  A nagaraja (D)
  A deep elf demonologist (D)
  A deep elf annihilator (D)
  2 dire elephants (D)
  A deep elf death mage (D)
  A fire dragon (D)
  Josephine (D)
  A yaktaur captain (D)
  A deep elf high priest (D)
  A naga warrior (D)
  6 anacondas (D)
  2 centaur warriors (D)
  4 dancing weapons (D)
  Urug (D)
  4 death yaks (D)
  An unseen horror (D)
  An obsidian statue (D)
  A shining eye (shapeshifter) (D)
  A wolf spider (shapeshifter) (D)
  8 deep elf magi (D)
  A lindwurm (D)
  3 ugly things (D)
  A guardian serpent (D)
  2 elephants (D)
  6 black mambas (D)
  2 spiny frogs (D)
  A rime drake (D)
  A komodo dragon (D)
  3 wandering mushrooms (D)
  A queen bee (D)
  2 tyrant leeches (D)
  4 spriggan defenders (D)
  8 blink frogs (D)
  3 orc high priests (D)
  5 slime creatures (D)
  A shadow (D)
  3 redbacks (D)
  A spatial vortex (D)
  2 nagas (D)
  A swamp worm (shapeshifter) (D)
  3 water moccasins (D)
  2 orc warriors (D)
  A swamp drake (D)
  A necrophage (D)
  2 centaurs (D)
  An earth elemental (D)
  A water elemental (D)
  32 killer bees (D)
  A jelly (D)
  4 orc wizards (D)
  2 orc priests (D)
  A wizard (D)
  A necromancer (D)
  3 humans (D)
  A kobold demonologist (D)
  6 adders (D)
  An ooze (D)
  A phantom (D)
  11 orcs (D)
  3 rats (D)
  8 bushes (D)
  10 plants (D)
192 creatures vanquished.

Vanquished Creatures (others)
  2 draconian scorchers (D)
  Nessos (D)
  An ice dragon (D)
  Edmund (D)
  3 yaktaurs (D)
  6 hellions (D)
  10 plants (D)
24 creatures vanquished.

Grand Total: 216 creatures vanquished

Notes
Turn   | Place    | Note
-------+----------+-------------------------------------------
     0 | D        | Kidiri the Deep Elf Fire Elementalist began the quest for the Orb.
     0 | D        | Reached XP level 1. HP: 10/10 MP: 6/6
     8 | D        | Reached skill level 4 in Spellcasting
    75 | D        | Killed a hellion
   139 | D        | Killed a hellion
   140 | D        | Reached skill level 5 in Spellcasting
   140 | D        | Reached XP level 2. HP: 13/15 MP: 5/10
   144 | D        | Killed a yaktaur
   145 | D        | Reached skill level 6 in Spellcasting
   145 | D        | Reached XP level 3. HP: 17/19 MP: 1/12
   149 | D        | Learned a level 2 spell: Throw Flame
   153 | D        | Learned a level 3 spell: Conjure Flame
   153 | D        | Killed a hellion
   157 | D        | Learned a level 3 spell: Inner Flame
   181 | D        | Gained mutation: You do not regenerate when monsters are visible. [potion of mutation]
   181 | D        | Gained mutation: You expend magic power (3 MP) to strengthen your wands. [potion of mutation]
   181 | D        | Gained mutation: You are partially covered in large bone plates. (SH +4) [potion of mutation]
   182 | D        | Lost mutation: You expend magic power (3 MP) to strengthen your wands. [potion of mutation]
   182 | D        | Lost mutation: You are partially covered in large bone plates. (SH +4) [potion of mutation]
   182 | D        | Lost mutation: You do not regenerate when monsters are visible. [potion of mutation]
   182 | D        | Gained mutation: Your body sometimes deteriorates upon taking damage. [potion of mutation]
   182 | D        | Gained mutation: You have sharp toenails. [potion of mutation]
   183 | D        | Lost mutation: You have sharp toenails. [potion of mutation]
   183 | D        | Lost mutation: Your body sometimes deteriorates upon taking damage. [potion of mutation]
   183 | D        | Gained mutation: You are weak. (Str -2) [potion of mutation]
   183 | D        | Gained mutation: You have a somewhat thin skeletal structure. (Dex +2, Stealth) [potion of mutation]
   184 | D        | Lost mutation: You have a somewhat thin skeletal structure. (Dex +2, Stealth) [potion of mutation]
   184 | D        | Lost mutation: You are weak. (Str -2) [potion of mutation]
   184 | D        | Gained mutation: You are clumsy. (Dex -2) [potion of mutation]
   184 | D        | Gained mutation: You are partially covered in yellow scales. (AC +2) [potion of mutation]
   184 | D        | Gained mutation: Your flesh is heat resistant. (rF+) [potion of mutation]
   185 | D        | Lost mutation: You are clumsy. (Dex -2) [potion of mutation]
   185 | D        | Lost mutation: Your flesh is heat resistant. (rF+) [potion of mutation]
   185 | D        | Gained mutation: You are partially covered in icy blue scales. (AC +2) [potion of mutation]
   206 | D        | Killed a hellion
   241 | D        | Killed a white draconian scorcher
   244 | D        | Killed a yaktaur
   251 | D        | Noticed a water elemental
   253 | D        | Killed a white draconian scorcher
   254 | D        | Killed a water elemental
   254 | D        | Reached skill level 8 in Spellcasting
   254 | D        | Reached skill level 5 in Fire Magic
   254 | D        | Reached XP level 4. HP: 24/24 MP: 6/16
   255 | D        | Killed a hellion
   260 | D        | Learned a level 4 spell: Sticky Flame
   267 | D        | Killed a hellion
   317 | D        | Found a radiant altar of Vehumet.
   318 | D        | Found a deep blue altar of Sif Muna.
   318 | D        | Found an ancient bone altar of Kikubaaqudgha.
   318 | D        | Noticed a wizard
   320 | D        | Killed a wizard
   320 | D        | Reached skill level 9 in Spellcasting
   320 | D        | Reached skill level 5 in Conjurations
   322 | D        | Reached skill level 1 in Fighting
   322 | D        | Reached skill level 1 in Armour
   322 | D        | Reached skill level 1 in Shields
   322 | D        | Reached XP level 5. HP: 29/29 MP: 3/18
   336 | D        | Learned a level 5 spell: Fireball
   340 | D        | Learned a level 3 spell: Mephitic Cloud
   351 | D        | Became a worshipper of Vehumet
   419 | D        | Found a glowing silver altar of Zin.
   420 | D        | Found a glowing golden altar of the Shining One.
   420 | D        | Found a white marble altar of Elyvilon.
   420 | D        | Noticed a deep elf mage
   426 | D        | Noticed an ice beast
   426 | D        | Killed a deep elf mage
   426 | D        | Reached skill level 5 in Dodging
   426 | D        | Reached skill level 11 in Spellcasting
   426 | D        | Reached XP level 6. HP: 36/36 MP: 5/22
   426 | D        | Reached XP level 7. HP: 40/40 MP: 5/23
   529 | D        | Found an ornate altar of the Wu Jian Council.
   529 | D        | Found a roughly hewn altar of Beogh.
   529 | D        | Found an iron altar of Okawaru.
   529 | D        | Found a bloodstained altar of Trog.
   529 | D        | Found a hide-covered altar of Uskayaw.
   529 | D        | Noticed a human
   535 | D        | Noticed a human
   539 | D        | Killed a human
   540 | D        | Killed a human
   540 | D        | Reached * piety under Vehumet
   540 | D        | Offered knowledge of Freeze by Vehumet.
   640 | D        | Found a basalt altar of Yredelemnul.
   640 | D        | Found a shadowy altar of Dithmenos.
   640 | D        | Found a sacrificial altar of Ru.
   689 | D        | Reached ** piety under Vehumet
   691 | D        | Noticed a shadow
   697 | D        | Killed a shadow
   697 | D        | Reached skill level 12 in Spellcasting
   697 | D        | Reached XP level 8. HP: 48/48 MP: 17/26
   736 | D        | Killed an ice dragon
   746 | D        | Found a blossoming altar of Fedhas.
   746 | D        | Found a stormy altar of Qazlal.
   746 | D        | Found a snail-covered altar of Cheibriados.
   746 | D        | Found a burning altar of Makhleb.
   746 | D        | Found a shimmering altar of Xom.
   747 | D        | Found a hazy altar of Hepliaklqana.
   747 | D        | Found an opulent altar of Gozag.
   747 | D        | Found a sparkling altar of Nemelex Xobeh.
   747 | D        | Found a corrupted altar of Lugonu.
   747 | D        | Found a viscous altar of Jiyva.
   766 | D        | Offered knowledge of Throw Frost by Vehumet.
   846 | D        | Learned a level 2 spell: Throw Frost
   851 | D        | Noticed Josephine
   874 | D        | Killed Josephine
   874 | D        | Offered knowledge of Searing Ray by Vehumet.
   874 | D        | Reached skill level 5 in Short Blades
   874 | D        | Reached skill level 5 in Air Magic
   874 | D        | Reached skill level 5 in Poison Magic
  1052 | D        | Noticed a centaur warrior
  1056 | D        | Reached *** piety under Vehumet
  1056 | D        | Reached skill level 13 in Spellcasting
  1056 | D        | Reached XP level 9. HP: 52/52 MP: 18/28
  1093 | D        | Killed a centaur warrior
  1093 | D        | Offered knowledge of Dazzling Spray by Vehumet.
  1170 | D        | Noticed an unseen horror
  1176 | D        | Killed an unseen horror
  1176 | D        | Reached skill level 5 in Fighting
  1176 | D        | Reached skill level 5 in Armour
  1176 | D        | Reached skill level 5 in Shields
  1314 | D        | Noticed a queen bee
  1329 | D        | Reached **** piety under Vehumet
  1329 | D        | Offered knowledge of Throw Icicle by Vehumet.
  1401 | D        | Reached ***** piety under Vehumet
  1411 | D        | Killed a queen bee
  1411 | D        | Reached skill level 14 in Spellcasting
  1454 | D        | Killed Nessos
  1617 | D        | Offered knowledge of Orb of Destruction by Vehumet.
  1623 | D        | Reached XP level 10. HP: 35/59 MP: 17/30
  1649 | D        | Learned a level 7 spell: Orb of Destruction
  1670 | D        | Reached ****** piety under Vehumet
  1670 | D        | Offered knowledge of Bolt of Cold by Vehumet.
  1825 | D        | Learned a level 6 spell: Bolt of Cold
  2008 | D        | Offered knowledge of Bolt of Fire by Vehumet.
  2061 | D        | Reached skill level 5 in Ice Magic
  2120 | D        | Noticed a spiny frog
  2120 | D        | Noticed a spiny frog
  2122 | D        | Killed a spiny frog
  2122 | D        | Killed a spiny frog
  2144 | D        | Reached skill level 15 in Spellcasting
  2182 | D        | Offered knowledge of Yara's Violent Unravelling by Vehumet.
  2182 | D        | Reached skill level 10 in Fire Magic
  2327 | D        | Noticed a lindwurm
  2330 | D        | Killed a lindwurm
  2453 | D        | Noticed Urug
  2456 | D        | Killed Urug
  2456 | D        | Reached XP level 11. HP: 49/64 MP: 17/32
  2612 | D        | Reached skill level 10 in Conjurations
  2612 | D        | Offered knowledge of Conjure Ball Lightning by Vehumet.
  2701 | D        | Noticed Rupert
  2717 | D        | Killed Rupert
  2717 | D        | Reached skill level 10 in Dodging
  2717 | D        | Reached skill level 16 in Spellcasting
  2834 | D        | Noticed a death yak
  2842 | D        | Noticed a death yak
  2843 | D        | Noticed a death yak
  2844 | D        | Killed a death yak
  2847 | D        | Noticed a death yak
  2853 | D        | Killed a death yak
  2862 | D        | Killed a death yak
  2869 | D        | Killed a death yak
  2869 | D        | Offered knowledge of Freezing Cloud by Vehumet.
  2881 | D        | Learned a level 6 spell: Freezing Cloud
  3453 | D        | Noticed an azure jelly
  3453 | D        | Noticed an azure jelly
  3513 | D        | Reached skill level 17 in Spellcasting
  3559 | D        | Noticed an anaconda
  3559 | D        | Noticed an anaconda
  3561 | D        | Reached XP level 12. HP: 64/72 MP: 31/35
  3563 | D        | Killed an anaconda
  3565 | D        | Killed an anaconda
  3565 | D        | Offered knowledge of Ozocubu's Refrigeration by Vehumet.
  3662 | D        | Noticed an anaconda
  3662 | D        | Noticed an anaconda
  3662 | D        | Noticed an anaconda
  3664 | D        | Noticed an anaconda
  3665 | D        | Killed an anaconda
  3665 | D        | Reached skill level 10 in Poison Magic
  3666 | D        | Killed an anaconda
  3668 | D        | Killed an anaconda
  3668 | D        | Killed an anaconda
  3739 | D        | Noticed a naga warrior
  3739 | D        | Noticed a nagaraja
  3742 | D        | Offered knowledge of Fire Storm by Vehumet.
  3742 | D        | Offered knowledge of Shatter by Vehumet.
  3742 | D        | Offered knowledge of Tornado by Vehumet.
  3743 | D        | Killed a nagaraja
  3744 | D        | Killed a naga warrior
  3744 | D        | Reached skill level 18 in Spellcasting
  3764 | D        | Found Meystru's Antique Armour Boutique.
  3764 | D        | Found Cunit's Magic Scroll Emporium.
  3766 | D        | Found Pehom's Book Shop.
  3897 | D        | Got a serpentine rune of Zot
  4117 | D        | Found Jaxzik's Gadget Boutique.
  4352 | D        | Bought an embroidered scarf for 168 gold pieces
  4352 | D        | Bought a runed hat for 147 gold pieces
  4368 | D        | Bought a scroll of identify for 28 gold pieces
  4368 | D        | Bought a scroll of identify for 28 gold pieces
  4368 | D        | Bought 2 scrolls of fear for 98 gold pieces
  4368 | D        | Bought a scroll of identify for 28 gold pieces
  4492 | D        | Noticed an azure jelly
  4492 | D        | Noticed an azure jelly
  4493 | D        | Noticed a dire elephant
  4493 | D        | Noticed a dire elephant
  4493 | D        | Noticed Gastronok
  4499 | D        | Killed a dire elephant
  4500 | D        | Killed Gastronok
  4501 | D        | Killed a dire elephant
  4502 | D        | Reached skill level 10 in Short Blades
  4502 | D        | Reached skill level 10 in Air Magic
  4511 | D        | Reached XP level 13. HP: 66/79 MP: 5/37
  4579 | D        | Reached XP level 14. HP: 84/84 MP: 19/38
  4921 | D        | Reached skill level 19 in Spellcasting
  4940 | D        | Noticed a balrug
  4940 | D        | Noticed a deep elf master archer
  4956 | D        | Learned a level 9 spell: Fire Storm
  5016 | D        | Reached skill level 10 in Ice Magic
  5488 | D        | Killed a deep elf master archer
  5809 | D        | Identified Sif Muna's Grimoire of the Snowflakes
  5814 | D        | Identified the Collected Works on the Torrid Traveller (You found it in the Dungeon)
  5822 | D        | Got a glittering silver ring
  5822 | D        | Got a brightly glowing lapis lazuli ring
  5931 | D        | Identified the ring "Pobiosem" {Str+2 Int+5 Dex+5 Slay+3} (You found it in the Dungeon)
  5932 | D        | Identified the ring "Lokhlonte" {rPois MR+ Slay+5} (You found it in the Dungeon)
  6051 | D        | Noticed Sigmund
  6051 | D        | Noticed Edmund
  6055 | D        | Killed Edmund
  6056 | D        | Killed Sigmund
  6056 | D        | Reached skill level 20 in Spellcasting
  6303 | D        | Found Ziapom's Antique Weapon Emporium.
  6303 | D        | Found Xuomn's Armour Shop.
  6303 | D        | Found Nipsueka's Distillery.
  6303 | D        | Found Yzedut's Antique Armour Shoppe.
  6303 | D        | Found Acemned's Antique Weapon Boutique.
  6303 | D        | Found Plog's Jewellery Emporium.
  6303 | D        | Found Ceodoq's Book Shoppe.
  6303 | D        | Found Emeos's Antique Armour Shop.
  6303 | D        | Found Kysmaleu's Food Shop.
  6303 | D        | Found Wyczowao's Magic Scroll Emporium.
  6303 | D        | Found Xyluinn's Gadget Emporium.
  6303 | D        | Found Juhihucaow's Food Boutique.
  6321 | D        | Bought a potion of curing for 39 gold pieces
  6321 | D        | Bought a potion of heal wounds for 65 gold pieces
  6321 | D        | Bought a potion of curing for 39 gold pieces
  6348 | D        | Bought a bloodstained robe for 159 gold pieces
  6348 | D        | Found the bloodstained robe
  6348 | D        | Bought a pair of embroidered boots for 210 gold pieces
  6358 | D        | Identified the cursed -5 robe of Misfortune {-Cast *Contam *Tele *Drain EV-5 Stlth-- *Curse} (You bought it in a shop in the Dungeon)
  6382 | D        | Bought a pair of runed boots for 165 gold pieces
  6383 | D        | Bought a +0 cloak for 63 gold pieces
  6409 | D        | Bought an uncursed ring of wizardry for 390 gold pieces
  6409 | D        | Bought an uncursed amulet of regeneration for 390 gold pieces
  6409 | D        | Bought the ring "Arataipp" {rN+ Int+4 SInv} for 449 gold pieces
  6767 | D        | Identified the Compendium of Cold
  6992 | D        | Reached skill level 10 in Armour
  7077 | D        | Reached skill level 10 in Fighting
  7077 | D        | Reached skill level 10 in Shields
  7305 | D        | Reached skill level 21 in Spellcasting
  7544 | D        | Noticed Chuck
  7551 | D        | Killed Chuck
  7565 | D        | Noticed a ghost moth
  7566 | D        | a ghost moth changed into a fire dragon
  7750 | D        | Identified Pewe's Collected Works on Battle Magic
  7800 | D        | Noticed Frederick
  7813 | D        | Blew themself up

Vault maps used:
D:        dungeon_sprint_mu

Skill      XL: |  1  2  3  4  5  6  7  8  9 10 11 12 13 14 |
---------------+-------------------------------------------+-----
Spellcasting   | 5 6 8 9 11 12 13 14 15 17 18 21 | 21.2
Conjurations   | 2 3 4 5 6 7 8 9 11 12 13 | 13.8
Fire Magic     | 4 5 6 7 8 9 10 11 12 14 | 14.0
Fighting       | 1 2 3 4 5 6 7 8 10 | 10.2
Armour         | 1 2 3 4 5 6 7 8 10 | 10.3
Dodging        | 3 5 6 7 8 9 10 12 | 12.4
Shields        | 1 2 3 4 5 6 7 8 10 | 10.3
Short Blades   | 3 4 5 6 7 8 10 | 10.2
Air Magic      | 3 4 5 6 7 8 10 11 | 11.9
Poison Magic   | 3 4 5 6 8 9 10 11 12 | 12.8
Ice Magic      | 2 4 6 8 9 11 | 11.9
Stealth        | |  2.4
Evocations     | |  0.7

Action                   |  1- 3 |  4- 6 |  7- 9 | 10-12 | 13-15 || total
-------------------------+-------+-------+-------+-------+-------++-------
Melee: Dagger            |       |       |    11 |    43 |    28 ||    82
       Quick blade       |       |       |       |       |   136 ||   136
 Cast: Flame Tongue      |    20 |     4 |    45 |    42 |    11 ||   122
       Conjure Flame     |     1 |       |     5 |     5 |       ||    11
       Sticky Flame      |       |     4 |    19 |     7 |     3 ||    33
       Mephitic Cloud    |       |     1 |     6 |     4 |     5 ||    16
       Inner Flame       |       |       |     8 |     6 |     2 ||    16
       Fireball          |       |       |     1 |     2 |     3 ||     6
       Bolt of Cold      |       |       |       |    42 |    39 ||    81
       Orb of Destructio |       |       |       |    15 |    40 ||    55
       Throw Frost       |       |       |       |     1 |     1 ||     2
       Freezing Cloud    |       |       |       |     9 |     6 ||    15
Evoke: Wand              |       |       |       |       |     1 ||     1
  Use: Potion            |     5 |       |     2 |       |     6 ||    13
       Scroll            |     2 |       |     1 |     2 |     6 ||    11
 Stab: Sleeping          |       |       |       |     3 |       ||     3
       Confused          |       |       |       |     1 |     2 ||     3
  Eat: Fruit             |       |       |     3 |       |     1 ||     4
       Chunk             |       |       |     1 |    10 |     2 ||    13
       Bread ration      |       |       |       |     1 |       ||     1
       Royal jelly       |       |       |       |     2 |    10 ||    12
Armor: Robe              |     2 |     2 |     6 |    11 |     4 ||    25
Dodge: Dodged            |     4 |     1 |    29 |    51 |    44 ||   129
Block: Buckler           |       |       |    11 |    10 |     9 ||    30

Table legend:
 A = Spawn XP
 B = Non-spawn XP
 C = Spawn XP percentage of total XP
 D = Spawn monster count
 E = Non-spawn monster count
 F = Spawn count percentage of total count
 G = Total turns spent on level
                    A         B        C        D         E        F      G
               +---------+---------+-------+---------+---------+-------+---------
         Total |       0 |   70615 |   0.0 |       0 |     175 |   0.0 |  7813
               +---------+---------+-------+---------+---------+-------+---------
             D |       0 |   70615 |   0.0 |       0 |     175 |   0.0 |  7813
               +---------+---------+-------+---------+---------+-------+---------
